 Dungeon Crawl Stone Soup version 0.23.0-3-gf3c87f2 (webtiles) character file.

Game seed: 58759946164361437

311 Borgoz the Sneak (level 6, -2/45 HPs)
             Began as a Ghoul Enchanter on Feb 24, 2019.
             Slain by a gnoll
             ... wielding a +0 halberd
              (15 damage)
             ... on level 4 of the Dungeon.
             The game lasted 00:07:48 (3169 turns).

Borgoz the Sneak (Ghoul Enchanter)                  Turns: 3169, Time: 00:07:48

Health: -2/45      AC:  6    Str: 12    XL:     6   Next: 42%
Magic:  7/7        EV: 12    Int: 10    God:
Gold:   185        SH:  0    Dex: 11    Spells: 3/8 levels left

rFire    . . .     SeeInvis .   a - +1 dagger (venom)
rCold    + . .     Gourm    .   (no shield)
rNeg     + + +     Faith    .   j - +0 leather armour
rPois    ∞         Spirit   .   g - +0 hat
rElec    .         Reflect  .   m - scarf {cloud immunity}
rCorr    .         Harm     .   f - +2 pair of gloves
MR       .....                  (no boots)
Stlth    +++.......             (no amulet)
HPRegen  0.00/turn              c - ring of stealth
MPRegen  0.10/turn              (no ring)

@: rotting
A: rotting body, claws 1, carnivore, cold resistance 1, negative energy
resistance 3, inhibited regeneration, torment resistance, unbreathing
a: no special abilities


You were on level 4 of the Dungeon.
You were not hungry.

You visited 1 branch of the dungeon, and saw 4 of its levels.

You collected 185 gold pieces.

Inventory:

Hand Weapons
 a - a +1 dagger of venom (weapon)
 t - a +0 dagger of protection
Missiles
 u - 16 poisoned needles
Armour
 f - a +2 pair of gloves (worn)
 g - a +0 hat (worn)
 j - a +0 leather armour (worn)
 m - a scarf of cloud immunity (worn)
Jewellery
 c - a ring of stealth (left hand)
Scrolls
 b - 2 scrolls of remove curse {unknown}
 h - a scroll of enchant armour {unknown}
 i - a scroll of identify
 p - 4 scrolls of teleportation
 r - a scroll of fog {unknown}
Potions
 e - 3 potions of curing
 k - a potion of cancellation {unknown}
 o - a potion of agility
 q - 2 potions of mutation {unknown}
 s - a potion of lignification {unknown}
Comestibles
 d - 5 rations
 n - 4 chunks of flesh


   Skills:
 * Level 3.4 Short Blades
 + Level 2.9 Dodging
 + Level 4.2 Stealth
 - Level 1.7 Spellcasting
 * Level 3.8 Hexes


You had 3 spell levels left.
You knew the following spells:

 Your Spells              Type           Power        Failure   Level  Hunger
a - Confuse               Hex            #.......     26%         3    ####...
b - Ensorcelled Hibernat  Hex/Ice        #.....       28%         2    ###....

Your spell library contained the following spells:

 Spells                   Type           Power        Failure   Level  Hunger
 Corona                   Hex            #......      9%          1    ##.....
 Tukima's Dance           Hex            #.......     26%         3    ####...
 Dazzling Spray           Conj/Hex       #.....       50%         3    ####...


Dungeon Overview and Level Annotations

Branches:
Dungeon (4/15)
 Temple: D:4-7

Altars:


Innate Abilities, Weirdness & Mutations

Your body is rotting away.
You thrive on raw meat.
You are immune to poison.
You have sharp fingernails.
You are carnivorous and can eat meat at any time.
Your flesh is cold resistant. (rC+)
You are immune to negative energy. (rN+++)
You do not regenerate when monsters are visible.
You are immune to unholy pain and torment.
You can survive without breathing.


Message History

You hit the gnoll but do no damage.
The gnoll is poisoned.
The gnoll misses you. The gnoll hits you with a +0 spear.
You closely miss the gnoll.
The gnoll hits you but does no damage. x2
The gnoll closely misses you.
You hit the gnoll.
The gnoll is poisoned.
The gnoll is lightly wounded.
The gnoll hits you with a +0 spear. The gnoll hits you but does no damage.
You hit the gnoll.
The gnoll is poisoned.
The gnoll is moderately wounded.
The gnoll hits you with a +0 halberd! The gnoll barely misses you.
You barely miss the gnoll. The gnoll misses you. The gnoll barely misses you.
The gnoll closely misses you.
The gnoll hits you from afar with a +0 halberd.
You closely miss the gnoll. The gnoll misses you.
A leopard gecko skeleton comes into view.
You hit the gnoll but do no damage.
The gnoll is poisoned.
The gnoll hits you with a +3 flail.
* * * LOW HITPOINT WARNING * * *
The gnoll hits you from afar with a +0 halberd!
You die...

#.......# ...#.....
#(..###.####..#....#
##..###..####......#
# #..#...........# .
#..............#..
##.#........%.....
###....g......#
###..g.......##
#...##.gg@....#
##g..#....<......
...!.........##..
...##....Z.(.....
#...............###
### ........##....
###....## #...
##.... ....


You could see 4 gnolls and a leopard gecko skeleton.

Vanquished Creatures
  A scorpion (D:2)
  A hound (D:3)
  An iguana (D:3)
  Natasha (D:3)
  A worker ant (D:3)
  Robin (D:2)
  5 adders
  4 dart slugs
  7 leopard geckos
  6 orcs (D:3)
  5 ball pythons
  4 giant cockroaches
  9 goblins
  9 hobgoblins
  6 jackals
  A quokka (D:3)
  4 bats
  4 frilled lizards
  8 kobolds
  7 rats
85 creatures vanquished.

Notes
Turn   | Place    | Note
-------+----------+-------------------------------------------
     0 | D:1      | Borgoz the Ghoul Enchanter began the quest for the Orb.
     0 | D:1      | Reached XP level 1. HP: 14/14 MP: 2/2
    17 | D:1      | Reached skill level 1 in Short Blades
   110 | D:1      | Reached XP level 2. HP: 11/20 MP: 3/3
   116 | D:1      | Learned a level 2 spell: Ensorcelled Hibernation
   596 | D:1      | Reached XP level 3. HP: 25/26 MP: 4/4
  1176 | D:2      | Noticed a scorpion
  1189 | D:2      | Killed a scorpion
  1189 | D:2      | Reached XP level 4. HP: 21/33 MP: 5/5
  1667 | D:2      | Reached XP level 5. HP: 36/38 MP: 6/6
  1825 | D:2      | Noticed Robin
  1878 | D:2      | Killed Robin
  2062 | D:3      | Reached skill level 4 in Stealth
  2075 | D:3      | Learned a level 3 spell: Confuse
  2197 | D:3      | Reached XP level 6. HP: 23/45 MP: 7/7
  2838 | D:3      | Noticed Natasha
  2846 | D:3      | Killed Natasha
  3169 | D:4      | Slain by a gnoll

Skill      XL: |  1  2  3  4  5 |
---------------+----------------+-----
Short Blades   | 1 2 3 |  3.4
Dodging        | 2 |  2.9
Hexes          | 3 |  3.8
Stealth        | 4 |  4.2
Spellcasting   | |  1.7

Action                   |  1- 3 |  4- 6 || total
-------------------------+-------+-------++-------
Melee: Dagger            |   102 |   203 ||   305
 Cast: Corona            |     2 |       ||     2
       Ensorcelled Hiber |     2 |     2 ||     4
  Use: Potion            |     1 |       ||     1
       Scroll            |       |     6 ||     6
 Stab: Sleeping          |     9 |    14 ||    23
  Eat: Chunk             |     7 |    12 ||    19
Armor: Robe              |     9 |       ||     9
       Leather armour    |     8 |    52 ||    60
Dodge: Dodged            |    83 |    94 ||   177
